 Dungeon Crawl Stone Soup version 0.29-a0-1027-gcd8c55af63 (webtiles) character file.

Game seed: 630483204796372130

259 greenreed the Cudgeller (level 5, -2/48 HPs)
             Began as a Minotaur Monk on Aug 12, 2022.
             Slain by Blork the orc
             ... wielding a +1 battleaxe of freezing
              (3 damage)
             ... on level 3 of the Dungeon.
             The game lasted 00:04:22 (2622 turns).

greenreed the Cudgeller (Minotaur Monk)             Turns: 2622, Time: 00:04:22

Health: -2/48      AC: 10    Str: 18    XL:     5   Next: 94%
Magic:  4/4        EV:  8    Int:  7    God:
Gold:   186        SH:  0    Dex: 12    Spells: 4/4 levels left

rFire   . . .      SeeInvis .   a - +0 mace
rCold   . . .      Faith    .   (no shield)
rNeg    . . .      Spirit   .   h - +0 chain mail
rPois   +          Reflect  .   (helmet restricted)
rElec   .          Harm     .   l - +0 cloak
rCorr   .          Rampage  .   (no gloves)
Will    .....                   r - +0 pair of boots
Stlth   ..........              (no amulet)
HPRegen 0.16/turn               p - ring of poison resistance
MPRegen 0.09/turn               (no ring)

@: invisible
A: horns 2, retaliatory headbutt
a: no special abilities


You were on level 3 of the Dungeon.
You visited 1 branch of the dungeon, and saw 4 of its levels.

You collected 186 gold pieces.

Inventory:

Hand Weapons
 a - a +0 mace (weapon)
Missiles
 o - 6 poisoned darts (quivered)
Armour
 b - a +0 robe
 h - a +0 chain mail (worn)
 l - a +0 cloak (worn)
 r - a +0 pair of boots (worn)
Jewellery
 p - a ring of poison resistance (left hand)
Scrolls
 d - a scroll of enchant weapon {unknown}
 f - a scroll of noise {unknown}
 g - a scroll of brand weapon {unknown}
 j - 4 scrolls of identify {unknown}
 m - a scroll of immolation {unknown}
 q - a scroll of vulnerability {unknown}
 s - a scroll of fear {unknown}
 u - a scroll of enchant armour {unknown}
Potions
 c - a potion of ambrosia
 i - 2 potions of flight {unknown}
 k - a potion of degeneration {unknown}
 n - 2 potions of lignification {unknown}
 t - a potion of heal wounds {unknown}
 v - 2 potions of curing {unknown}


   Skills:
 + Level 5.4 Fighting
 + Level 5.7 Maces & Flails
 + Level 1.1 Armour
 + Level 4.2 Dodging
 + Level 2.1 Stealth
 + Level 0.1 Unarmed Combat


You had 4 spell levels left.
You didn't know any spells.
Your spell library was empty.

Dungeon Overview and Level Annotations

Branches:
Dungeon (4/15)
 Temple: D:4-7

Altars:
Elyvilon
Wu Jian

Annotations:
D:3 Blork the orc


Innate Abilities, Weirdness & Mutations

You have a pair of horns on your head.
You reflexively headbutt those who attack you in melee.


Message History

Blork the orc is lightly wounded.
Blork the orc casts a cantrip, but nothing happens.
You hit Blork the orc.
Blork the orc is moderately wounded.
Blork the orc casts a spell at you.
The magic dart hits you but does no damage.
You sock Blork the orc!
Blork the orc is heavily wounded.
Blork the orc barely misses you.
You hit Blork the orc but do no damage.
Blork the orc is heavily wounded.
Blork the orc hits you with a +1 battleaxe of freezing!
Blork the orc freezes you.
Blork the orc gestures wildly while chanting.
Blork the orc seems to speed up.
You hit Blork the orc.
Blork the orc is heavily wounded.
Blork the orc casts a spell at you. The puff of frost hits you!
You completely miss Blork the orc.
Blork the orc is heavily wounded.
Blork the orc barely misses you. You furiously retaliate!
You headbutt Blork the orc, but do no damage.
Blork the orc hits you with a +1 battleaxe of freezing!
Blork the orc freezes you.
You hit Blork the orc. Your headbutt misses Blork the orc.
Blork the orc is severely wounded.
Blork the orc hits you with a +1 battleaxe of freezing!
* * * LOW HITPOINT WARNING * * *
Blork the orc freezes you.
* * * LOW HITPOINT WARNING * * *
Blork the orc hits you with a +1 battleaxe of freezing.
* * * LOW HITPOINT WARNING * * *
Blork the orc freezes you.
* * * LOW HITPOINT WARNING * * *
You fade into invisibility!
Blork the orc gestures at you while chanting.
The puff of flame hits you but does no damage.
Blork the orc hits you with a +1 battleaxe of freezing.
You die...

..............#
.........######
......#...#########
........#.........#
.#########........#
## ##.......# #
#.......# ####
#....)..# ...#
#....o@.# ...#
#.......# ...###
#.......# .....#
#.......# ...#.###
####.#### ...#...##
###.## ######..#
#....# ##.####....#
#...##....#


You could see Blork the orc (fast, unable to see you).

Vanquished Creatures
  An ogre (D:3)
  Natasha (thrice) (D:3)
  5 adders
  A worm (D:2)
  A dart slug (D:1)
  2 orcs (D:3)
  3 bats
  5 endoplasms
  5 giant cockroaches
  3 goblins
  4 hobgoblins
  3 jackals (D:1)
  2 quokkas
  5 ball pythons
  4 frilled lizards
  6 kobolds
  2 rats (D:1)
55 creatures vanquished.

Notes
Turn   | Place    | Note
-------+----------+-------------------------------------------
     0 | D:1      | greenreed the Minotaur Monk began the quest for the Orb.
     0 | D:1      | Reached XP level 1. HP: 19/19 MP: 0/0
   316 | D:1      | Reached XP level 2. HP: 17/27 MP: 1/1
   580 | D:1      | Found a faded altar of an unknown god.
  1080 | D:2      | Reached XP level 3. HP: 33/33 MP: 2/2
  1393 | D:2      | Reached XP level 4. HP: 41/41 MP: 3/3
  1586 | D:2      | You fall into a shaft and drop 1 floor!
  1617 | D:3      | Found a white marble altar of Elyvilon.
  1898 | D:3      | Noticed Natasha
  1904 | D:3      | Killed Natasha
  2069 | D:3      | Noticed Natasha
  2081 | D:3      | Killed Natasha
  2082 | D:3      | Reached skill level 5 in Fighting
  2172 | D:3      | Reached XP level 5. HP: 37/48 MP: 4/4
  2332 | D:3      | Noticed Natasha
  2348 | D:3      | Killed Natasha
  2349 | D:3      | Reached skill level 5 in Maces & Flails
  2394 | D:3      | Found an ornate altar of the Wu Jian Council.
  2506 | D:4      | Noticed an ogre
  2514 | D:3      | Killed an ogre
  2515 | D:3      | Reached skill level 1 in Armour
  2574 | D:4      | Noticed Blork the orc
  2621 | D:3      | HP: 2/48 [Blork the orc/+1 battleaxe of freezing (5)]
  2622 | D:3      | Slain by Blork the orc

Illustrated notes

Levels and vault maps discovered:
D:1:      dpeg_arrival_shelter, layout_loops_ring, ebering_ecumenical_altar_webs
D:2:      layout_basic, chequers_arboretum
D:3:      layout_rooms, old_standard_altar, mainiacjoe_overflow_alcove_4,
          uniq_natasha
D:4:      layout_cave_pools, minmay_temple_entry_hall, uniq_blork_the_orc

Skill      XL: |  1  2  3  4  5 |
---------------+----------------+-----
Fighting       | 4 5 |  5.4
Maces & Flails | 4 5 |  5.7
Dodging        | 4 |  4.2
Stealth        | 2 |  2.1
Armour         | 1 |  1.1
Unarmed Combat | |  0.1

Action                   |  1- 3 |  4- 6 || total
-------------------------+-------+-------++-------
Melee: Mace              |    60 |    76 ||   136
       Headbutt          |     9 |     7 ||    16
       Punch             |     1 |     1 ||     2
       Unarmed           |       |     4 ||     4
  Use: Potion            |       |     1 ||     1
 Stab: Sleeping          |     2 |       ||     2
Armor: Chain mail        |    10 |    35 ||    45
       Robe              |     1 |       ||     1
       Skin              |       |     9 ||     9
Dodge: Dodged            |    44 |    31 ||    75

Table legend: (Time is in decaauts)
 A = Elapsed time spent in this place.
 B = Non-inter-level travel time spent in this place.
 C = Inter-level travel time spent in this place.
 D = Time resting spent in this place.
 E = Time spent auto-exploring this place.
 F = Levels seen in this place.
 G = Mean time per level.
                   A        B        C        D        E       F      G
               +--------+--------+--------+--------+--------+-----+--------+
         Total |   2653 |   2561 |     92 |     85 |   2036 |   4 |  663.2 |
       Dungeon |   2653 |   2561 |     92 |     85 |   2036 |   4 |  663.2 |
               +--------+--------+--------+--------+--------+-----+--------+

Top non-repeatable levels by time:
     D:1: 1013 daAuts
     D:2: 826 daAuts
     D:3: 799 daAuts
     D:4: 14 daAuts
